 Dungeon Crawl Stone Soup version 0.27.1-4-g1640c2035a (webtiles) character file.

Game seed: 11960377113443383211

1 zeram the Caller (level 1, 0/10 HPs)
             Began as a Tengu Summoner on Nov 11, 2021.
             Frozen to death by an endoplasm (4 damage)
             ... on level 1 of the Dungeon.
             The game lasted 00:00:22 (115 turns).

zeram the Caller (Tengu Summoner)                    Turns: 115, Time: 00:00:23

Health: 0/10       AC:  2    Str:  8    XL:     1   Next: 20%
Magic:  1/4        EV: 12    Int: 15    God:
Gold:   0          SH:  0    Dex: 14    Spells: 3/4 levels left

rFire    . . .     SeeInvis .   (no weapon)
rCold    . . .     Faith    .   (no shield)
rNeg     . . .     Spirit   .   a - +0 robe
rPois    .         Reflect  .   (helmet restricted)
rElec    .         Harm     .   (no cloak)
rCorr    .         Rampage  .   (no gloves)
Will     .....                  (boots unavailable)
Stlth    ++........             (no amulet)
HPRegen  0.03/turn              (no ring)
MPRegen  0.09/turn              (no ring)

@: no status effects
A: beak, talons 3
a: no special abilities


You were on level 1 of the Dungeon.
You visited 1 branch of the dungeon, and saw 1 of its levels.

Inventory:

Armour
 a - a +0 robe (worn)


   Skills:
 - Level 2.1 Dodging
 - Level 2.0 Stealth
 - Level 2.0 Spellcasting
 + Level 4.9 Summonings


You had 3 spell levels left.
You knew the following spells:

 Your Spells              Type           Power      Damage    Failure   Level
a - Summon Small Mammal   Summ           64%        N/A       3%          1

Your spell library contained the following spells:

 Spells                   Type           Power      Damage    Failure   Level
 Call Imp                 Summ           16%        N/A       4%          2
 Call Canine Familiar     Summ           16%        N/A       9%          3
 Summon Guardian Golem    Hex/Summ       8%         N/A       24%         3
 Summon Lightning Spire   Summ/Air       8%         N/A       63%         4


Dungeon Overview and Level Annotations

Branches:
Dungeon (1/15)

Altars:


Innate Abilities, Weirdness & Mutations

You have a beak for a mouth.
You have claws for feet.


Message History

The endoplasm barely misses your quokka.
Your quokka bites the endoplasm.
The endoplasm freezes your quokka.
Your quokka is frozen.
Your quokka bites the endoplasm but does no damage.
The kobold barely misses your quokka.
The endoplasm closely misses your quokka.
Your quokka bites the endoplasm.
Your rat barely misses the endoplasm.
A hobgoblin and a kobold come into view.
The kobold hits your quokka with a +0 dagger.
Your quokka dies!
Your quokka's corpse disappears in a puff of smoke!
The endoplasm misses your rat.
Your rat barely misses the endoplasm.
The kobold hits you with a +0 dagger. The endoplasm freezes your rat.
Your rat is frozen.
Your rat dies!
Your rat's corpse disappears in a puff of smoke!
Your rat bites the endoplasm.
Casting: Summon Small Mammal (safe; 3% risk of failure)
Confirm with . or Enter, or press ? or * to list all spells.
The kobold hits you with a +0 dagger.
The endoplasm completely misses your rat.
Your rat barely misses the endoplasm.
The kobold throws a stone.
The stone misses you. The endoplasm freezes your rat.
Your rat is frozen.
Your rat bites the endoplasm.
The endoplasm dies!
Casting: Summon Small Mammal (safe; 3% risk of failure)
Confirm with . or Enter, or press ? or * to list all spells.
You don't have enough magic to cast this spell.
The kobold throws a stone.
The stone hits you.
Your rat closely misses the giant cockroach.
The giant cockroach closely misses your quokka.
The kobold throws a stone.
The stone barely misses you.
Your quokka misses the kobold.
Your rat barely misses the giant cockroach.
The endoplasm freezes you.
You are frozen.
You die...

## .. ..# ... #.#
###.# .... #.#
..#.# ...#
#.###.#.# ..
...#.....#.#####
....#K#K..J@......#
.....g.r..†.....#.#
####.#.........#
#..B........#
#.....r........#
#..............##
#.......######..#
#.......# ##.#
######### #.#


You could see an endoplasm, a giant cockroach, a hobgoblin, a kobold (ally
target), a friendly quokka (summoned) and a friendly rat (summoned).

Vanquished Creatures
  A rat (D:1)
1 creature vanquished.

Vanquished Creatures (collateral kills)
  An endoplasm (D:1)
1 creature vanquished.

Grand Total: 2 creatures vanquished

Notes
Turn   | Place    | Note
-------+----------+-------------------------------------------
     0 | D:1      | zeram the Tengu Summoner began the quest for the Orb.
     0 | D:1      | Reached XP level 1. HP: 10/10 MP: 4/4
   115 | D:1      | Frozen to death by an endoplasm

Illustrated notes

Levels and vault maps discovered:
D:1:      erik_arrival_orb_chamber, layout_basic

Action                   || total
-------------------------++-------
Melee: Unarmed           ||     2
       Kick              ||     1
 Cast: Summon Small Mamm ||     6
Dodge: Dodged            ||     3
